 Dungeon Crawl Stone Soup version 0.27.0-1-g7a089689b8 (webtiles) character file.

Game seed: 589322297050412118

4 VictoriousLee the Insei (level 1, -2/9 HPs)
             Began as a Vine Stalker Transmuter on Aug 17, 2021.
             Slain by a hobgoblin (4 damage)
             ... on level 1 of the Dungeon.
             The game lasted 00:01:10 (81 turns).

VictoriousLee the Insei (Vine Stalker Transmuter)     Turns: 81, Time: 00:01:11

Health: -2/9       AC:  2    Str: 12    XL:     1   Next: 70%
Magic:  0/4        EV: 12    Int: 13    God:
Gold:   0          SH:  0    Dex: 14    Spells: 3/4 levels left

rFire    . . .     SeeInvis .     - Unarmed
rCold    . . .     Faith    .   (no shield)
rNeg     . . .     Spirit   +   a - +0 robe
rPois    .         Reflect  .   (helmet currently unavailable)
rElec    .         Harm     .   (no cloak)
rCorr    .         Rampage  .   (no gloves)
Will     .....                  (boots currently unavailable)
Stlth    +.........             (no amulet)
HPRegen  0.03/turn              (no ring)
MPRegen  0.09/turn              (no ring)

@: appendages (expiring)
A: horns 2, talons 2, fangs 2, magic shield, antimagic bite, no potion heal 2
a: End Transformation


You were on level 1 of the Dungeon.
You had temporarily grown beastly horns and talons.
You visited 1 branch of the dungeon, and saw 1 of its levels.

Inventory:

Hand Weapons
 b - a +0 dagger
Missiles
 c - 17 stones
Armour
 a - a +0 robe (worn)
Potions
 d - a potion of magic {unknown}


   Skills:
 - Level 0.8 Fighting
 - Level 1.5 Dodging
 - Level 3.0 Unarmed Combat
 + Level 2.4 Spellcasting
 * Level 2.2 Transmutations


You had 3 spell levels left.
You knew the following spells:

 Your Spells              Type           Power      Damage    Failure   Level
a - Beastly Appendage     Tmut           14%        N/A       10%         1

Your spell library contained the following spells:

 Spells                   Type           Power      Damage    Failure   Level
 Wereblood                Tmut           7%         N/A       14%         2
 Spider Form              Tmut/Pois      2%         N/A       43%         3
 Ice Form                 Ice/Tmut       4%         N/A       83%         4


Dungeon Overview and Level Annotations

Branches:
Dungeon (1/15)

Altars:


Innate Abilities, Weirdness & Mutations

You have temporarily grown beastly horns and talons.
You have extremely sharp teeth.
When hurt, damage is shared between your health and your magic reserves.
Your bite disrupts and absorbs the magic of your enemies.
Potions cannot restore your health.


Message History

d - a fuming red potion A quokka comes into view.
Found a scroll labelled CUKACI KYTTEID.
Casting: Beastly Appendage (safe; 11% risk of failure)
Confirm with . or Enter, or press ? or * to list all spells.
You grow a pair of large bovine horns.
Your feet morph into talons.
You hit the quokka but do no damage. You bite the quokka. You drain its power.
You feel invigorated.
The quokka is heavily wounded.
The quokka bites you but does no damage. x2
You hit the quokka.
You kill the quokka!
An endoplasm comes into view.
The endoplasm quivers.
Your transformation is almost over.
You barely miss the endoplasm. You headbutt the endoplasm.
You kill the endoplasm!
A ball python comes into view.
The ball python hisses angrily.
You hear a shout! x2
A hobgoblin comes into view.
Casting: Beastly Appendage (safe; 10% risk of failure)
Confirm with . or Enter, or press ? or * to list all spells.
You extend your transformation's duration.
The ball python closely misses you. The ball python completely misses you.
The ball python closely misses you. The ball python grabs you.
The ball python constricts you.
You closely miss the ball python. You claw the ball python.
The ball python is moderately wounded.
The ball python barely misses you. The ball python constricts you.
You hit the ball python.
You kill the ball python!
The hobgoblin hits you. The hobgoblin hits you.
* * * LOW HITPOINT WARNING * * *
The hobgoblin barely misses you.
You are too injured to fight recklessly!
You closely miss the hobgoblin. Your headbutt misses the hobgoblin.
Your transformation is almost over.
The hobgoblin hits you.
You die...

............##...####
###...#+#.### #≈≈≈
#.........# #≈≈.
#.........# #...
#.........# ######
#.........# #.....
#.........# +.....
#...g.....# #.....
#..?@.....# ######
#..........# #...
#....###.#..# #≈≈.
#....# .##.# #≈≈≈
#....# # #### #....#
...... ......


You could see a hobgoblin.

Vanquished Creatures
  An endoplasm (D:1)
  A goblin (D:1)
  A quokka (D:1)
  A ball python (D:1)
4 creatures vanquished.

Notes
Turn   | Place    | Note
-------+----------+-------------------------------------------
     0 | D:1      | VictoriousLee the Vine Stalker Transmuter began the quest
                  | for the Orb.
     0 | D:1      | Reached XP level 1. HP: 9/9 MP: 4/4
    81 | D:1      | Slain by a hobgoblin

Illustrated notes

Levels and vault maps discovered:
D:1:      dpeg_arrival_yet_another_circle, layout_basic

Action                   || total
-------------------------++-------
Melee: Unarmed           ||     8
       Kick              ||     1
       Headbutt          ||     1
       Bite              ||     1
 Cast: Beastly Appendage ||     3
Armor: Robe              ||     2
Dodge: Dodged            ||     6
